 Dungeon Crawl Stone Soup version 0.25.0-10-g039870ee82 (webtiles) character file.

Game seed: 13500149450637220995

26516 Peloso the Blocker (level 12, 0/121 HPs)
             Began as a Minotaur Fighter on June 23, 2020.
             Was the Champion of Okawaru.
             Slain by an orc warrior
             ... wielding a +0 halberd
              (11 damage)
             ... on level 13 of the Dungeon.
             The game lasted 00:34:57 (15286 turns).

Peloso the Blocker (Minotaur Fighter)              Turns: 15286, Time: 00:34:58

Health: 0/121      AC: 27    Str: 23    XL:     12   Next: 99%
Magic:  9/12       EV: 11    Int: 11    God:    Okawaru [******]
Gold:   787        SH: 17    Dex:  9    Spells: 11/11 levels left

rFire    . . .     SeeInvis .   R - +3 falchion of Henoak {freeze, +Rage rN+ MR++ Dex-4}
rCold    x . .     Gourm    .   c - +2 kite shield "Fyufoysu" {-Cast rPois rN+ Regen+}
rNeg     + + +     Faith    .   o - +3 plate armour of a Gauntlet {rC- rN++}
rPois    +         Spirit   .   N - +2 hat
rElec    .         Reflect  .   (no cloak)
rCorr    .         Harm     .   m - +0 pair of gloves
MR       ++...     NoCast   +   t - +2 pair of boots
Stlth    ..........             (no amulet)
HPRegen  0.70/turn              S - ring of flight
MPRegen  0.13/turn              L - +6 ring of intelligence

@: heroism
A: retaliatory headbutt, hooves 1, horns 2, robust 1
a: Heroism, Finesse, Renounce Religion, Evoke Berserk Rage, Evoke Flight


You were on level 13 of the Dungeon.
You worshipped Okawaru.
Okawaru was exalted by your worship.
You were very hungry.

You visited 2 branches of the dungeon, and saw 15 of its levels.
You also visited: Ice Cave.

You collected 787 gold pieces.

Inventory:

Hand Weapons
 a - a +4 falchion
 R - the +3 falchion of Henoak (weapon) {freeze, +Rage rN+ MR++ Dex-4}
   (You found it in an ice cave)

   It has been specially enchanted to freeze those struck by it, causing extra
   injury to most foes and up to half again as much damage against particularly
   susceptible opponents.
   It can also slow down cold-blooded creatures.
   It affects your dexterity (-4).
   It protects you from negative energy.
   It affects your resistance to hostile enchantments.
   It lets you go berserk.
Missiles
 i - 80 bolts
Armour
 c - the +2 kite shield "Fyufoysu" (worn) {-Cast rPois rN+ Regen+}
   (Okawaru gifted it to you on level 10 of the Dungeon)

   It protects you from poison.
   It protects you from negative energy.
   It prevents spellcasting.
   It increases your rate of regeneration.
 m - a +0 pair of gloves (worn)
 o - the +3 plate armour of a Gauntlet (worn) {rC- rN++}
   (You found it in an ice cave)

   It makes you vulnerable to cold.
   It greatly protects you from negative energy.
 t - a +2 pair of boots (worn)
 A - +2 fire dragon scales
 N - a +2 hat (worn)
 P - the +2 buckler of Cocytus {MR+ Dex+5}
   (You found it in an ice cave)

   It affects your dexterity (+5).
   It affects your resistance to hostile enchantments.
Jewellery
 j - an uncursed ring of ice
 v - an uncursed ring of protection from fire
 y - an uncursed ring of fire
 z - a +6 ring of intelligence
 I - an uncursed ring of ice
 J - an uncursed ring of magical power
 L - a +6 ring of intelligence (right hand)
 S - a ring of flight (left hand)
Wands
 E - a wand of random effects (20)
 H - a wand of polymorph (10)
 O - a wand of paralysis (8)
Scrolls
 b - 3 scrolls of blinking
 e - 4 scrolls of teleportation
 g - 3 scrolls of brand weapon {unknown}
 h - a scroll of identify
 k - 2 scrolls of amnesia
 l - 2 scrolls of remove curse
 n - 2 scrolls of enchant armour {unknown}
 p - 2 scrolls of noise
 x - 3 scrolls of fear
 C - a scroll of enchant weapon
 F - a scroll of magic mapping
Potions
 d - 2 potions of might
 q - a potion of resistance
 r - 3 potions of curing
 s - 2 potions of brilliance
 u - a potion of mutation
 w - a potion of magic
 B - 2 potions of haste
 D - a potion of heal wounds
 G - a potion of berserk rage
 K - a potion of degeneration {unknown}
 M - a potion of flight {unknown}
Comestibles
 f - 10 rations


   Skills:
 + Level 11.4(16.4) Fighting
 + Level 14.3(19.3) Long Blades
 + Level 11.1(16.1) Armour
 + Level 3.9(8.9) Dodging
 + Level 0.7(5.7) Stealth
 + Level 14.6(19.6) Shields
 + Level 2.5 Invocations


You had 11 spell levels left.
You didn't know any spells.
Your spell library was empty.

Dungeon Overview and Level Annotations

Branches:
Dungeon (14/15)            Temple (1/1) D:4            Lair (0/6) D:9
    Orc (0/2) D:10          IceCv (visited)
 Vaults: D:13-14

Altars:
Ashenzari
Cheibriados
Dithmenos
Elyvilon
Fedhas
Gozag
Hepliaklqana
Kikubaaqudgha
Makhleb
Nemelex Xobeh
Okawaru
Qazlal
Ru
Sif Muna
Trog
Uskayaw
Vehumet
Wu Jian
Xom
Yredelemnul
Zin
The Shining One

Shops:
D:5 *}   D:7 *

Annotations:
D:7 amuleto Autumn


Innate Abilities, Weirdness & Mutations

You reflexively headbutt those who attack you in melee.
You have a pair of horns on your head.
You have large cloven feet.
You are robust. (+10% HP)


Message History

* * * LOW HITPOINT WARNING * * *
Unknown command.
You slash something! You freeze something.
Unknown command.
You feel much better.
You hear some strange, mumbled words.
A shard of ice appears from out of thin air!
The shard of ice hits you!
You feel a painful chill!
* * * LOW HITPOINT WARNING * * *
The orc warrior barely misses you. Something hits you but does no damage.
Unknown command.
You feel more confident with your borrowed prowess.
Something completely misses you. You block the orc warrior's attack.
You hit something. You freeze something. Your headbutt misses something.
Something hits you.
* * * LOW HITPOINT WARNING * * *
Unknown command.
You closely miss something.
The orc warrior hits you from afar with a +0 halberd!
You die...

.##.*,,#######...................
.#.#,*.##.............###########
.#.##..*............### #
.....#,*#.##...#.#### #
*#.######.####*#.# #
..EE*....5######*#
(z...eK.Zou.o..eo#
o#e#############{# ..Z..*,*****
#@# ###### e#.##..*,,,*####.#####
#....## .#.#,*.#,*,*#.....)..#
#....## .##.*,,#,*,*#.##.###.#
#...... .#,..,,*,*,*#,*#.#*#.#
#....## .#*###**,,,,,,,...*#.#
*###....## ,*,*
*,*,**,>...,#.#*#.#######
,,,*****,*,**.#...*#.##.#* *#*
**,,,,,,,*,*#.##.###!#†#* *.##


You could see a deep elf mage, an orc warrior and a battlesphere.

Vanquished Creatures
  4 two-headed ogres
  A shock serpent (shapeshifter) (D:14)
  Sonja (D:11)
  An orc knight (D:13)
  2 unseen horrors
  A necromancer (IceCv)
  4 ugly things
  2 manticores
  4 ice statues (IceCv)
  A gargoyle (D:10)
  9 ice devils
  2 trolls
  Grinder (D:6)
  4 hippogriffs
  A vampire (D:10)
  28 yaks
  A wraith (D:14)
  4 hungry ghosts
  Edmund (D:6)
  A soldier ant (D:11)
  2 acid dragons
  A water moccasin (D:14)
  2 porcupines (D:9)
  4 ice beasts
  5 orc warriors
  4 sky beasts
  2 phantoms
  A black bear (D:8)
  13 centaurs
  7 ogres
  2 crocodiles (D:10)
  A big kobold (D:10)
  8 bullfrogs
  A gnoll sergeant (D:9)
  A water moccasin zombie (D:7)
  A wyvern skeleton (D:12)
  A water moccasin skeleton (D:9)
  6 scorpions
  11 killer bees
  2 troll zombies (D:10)
  4 wights
  7 howler monkeys
  12 crimson imps
  A draconian simulacrum (IceCv)
  2 bullfrog zombies (D:5)
  A centaur zombie (D:10)
  A hound (D:10)
  6 orc priests
  2 centaur skeletons
  2 jellies
  3 iguanas
  6 bullfrog skeletons
  14 orc wizards
  9 worker ants
  A spriggan simulacrum (IceCv)
  4 troll simulacra (IceCv)
  A centaur simulacrum (IceCv)
  6 ogre zombies (D:10)
  A hound zombie (D:6)
  2 hound skeletons
  A mummy (D:7)
  A worker ant zombie (D:8)
  A howler monkey skeleton (D:5)
  11 gnolls
  19 adders
  A naga simulacrum (IceCv)
  2 ogre simulacra (IceCv)
  4 shadow imps
  3 worms
  5 dart slugs
  5 leopard geckos
  56 orcs
  2 ball pythons
  10 giant cockroaches
  10 goblins
  13 hobgoblins
  11 jackals
  5 quokkas
  12 bats
  7 frilled lizards
  A goblin skeleton (D:10)
  5 goblin zombies (D:10)
  A hobgoblin skeleton (D:10)
  4 hobgoblin zombies (D:10)
  7 kobolds
  3 orc skeletons (D:10)
  11 orc zombies (D:10)
  A quokka skeleton (D:7)
  15 rats
460 creatures vanquished.

Vanquished Creatures (others)
  An orc wizard (D:10)
  A kobold (D:13)
2 creatures vanquished.

Grand Total: 462 creatures vanquished

Notes
Turn   | Place    | Note
-------+----------+-------------------------------------------
     0 | D:1      | Peloso the Minotaur Fighter began the quest for the Orb.
     0 | D:1      | Reached XP level 1. HP: 19/19 MP: 0/0
   258 | D:1      | Reached XP level 2. HP: 26/27 MP: 1/1
   983 | D:1      | Reached XP level 3. HP: 33/33 MP: 2/2
  1145 | D:2      | Found a radiant altar of Vehumet.
  1428 | D:2      | Reached XP level 4. HP: 37/40 MP: 3/3
  1470 | D:2      | Found a shimmering blue altar of Sif Muna.
  1470 | D:2      | Noticed a phantom
  1497 | D:2      | Gained mutation: You are robust. (+10% HP) [potion of
                  | mutation]
  1497 | D:2      | Gained mutation: You have large cloven feet. [potion of
                  | mutation]
  1503 | D:2      | Killed a phantom
  1503 | D:2      | Reached skill level 5 in Armour
  1503 | D:2      | Reached skill level 1 in Dodging
  1503 | D:2      | Reached XP level 5. HP: 14/50 MP: 4/4
  1796 | D:2      | Found a hazy altar of Hepliaklqana.
  1796 | D:2      | Found a shattered altar of Ashenzari.
  2330 | D:3      | Found a shadowy altar of Dithmenos.
  2595 | D:3      | Reached skill level 5 in Shields
  2679 | D:3      | Found a glowing golden altar of the Shining One.
  2680 | D:3      | Found a glowing silver altar of Zin.
  2680 | D:3      | Found a white marble altar of Elyvilon.
  2726 | D:3      | Reached XP level 6. HP: 46/58 MP: 5/5
  3304 | D:4      | Reached skill level 5 in Long Blades
  3313 | D:4      | Found a staircase to the Ecumenical Temple.
  3329 | Temple   | Entered the Ecumenical Temple
  3469 | Temple   | Became a worshipper of Warmaster Okawaru
  3603 | D:4      | Found a blossoming altar of Fedhas.
  3946 | D:5      | Entered Level 5 of the Dungeon
  3947 | D:5      | Found Winimnol's Mass Market.
  3961 | D:5      | Reached XP level 7. HP: 12/66 MP: 6/6
  4364 | D:5      | Reached skill level 5 in Fighting
  4741 | D:5      | Reached * piety under Okawaru
  4874 | D:5      | Found a bloodstained altar of Trog.
  4957 | D:5      | Found a sacrificial altar of Ru.
  5170 | D:5      | Found Vicsyh's Gadget Shoppe.
  5299 | D:5      | Reached XP level 8. HP: 72/75 MP: 7/7
  5633 | D:6      | Noticed Edmund
  5660 | D:6      | Killed Edmund
  5660 | D:6      | Reached ** piety under Okawaru
  5861 | D:6      | Noticed Grinder
  5870 | D:6      | Paralysed by Grinder for 6 turns
  5880 | D:6      | Killed Grinder
  5880 | D:6      | Reached XP level 9. HP: 80/82 MP: 6/8
  6512 | D:7      | Reached skill level 10 in Long Blades
  6571 | D:7      | Found Gozag's Platinum Reserve.
  6572 | D:7      | Found an opulent altar of Gozag.
  6886 | D:7      | Reached *** piety under Okawaru
  7123 | D:7      | Found a snail-covered altar of Cheibriados.
  7301 | D:8      | Noticed a two-headed ogre
  7311 | D:8      | Killed a two-headed ogre
  7311 | D:8      | Reached **** piety under Okawaru
  7311 | D:8      | Reached XP level 10. HP: 80/94 MP: 6/9
  8731 | D:9      | Reached skill level 1 in Invocations
  8796 | D:9      | Reached skill level 10 in Shields
  8818 | D:9      | Found a staircase to the Lair.
  9819 | D:10     | Entered Level 10 of the Dungeon
  9841 | D:9      | Reached ***** piety under Okawaru
 10150 | D:10     | Received a gift from Okawaru
 10166 | D:10     | Got a crude kite shield {god gift}
 10172 | D:10     | Identified the +2 kite shield "Fyufoysu" {-Cast rPois rN+
                  | Regen+} (Okawaru gifted it to you on level 10 of the
                  | Dungeon)
 10253 | D:10     | Reached XP level 11. HP: 104/104 MP: 11/11
 10712 | D:10     | Found a staircase to the Orcish Mines.
 11390 | D:11     | Noticed a two-headed ogre
 11402 | D:11     | Killed a two-headed ogre
 11423 | D:11     | Reached skill level 10 in Armour
 11545 | D:11     | Noticed a two-headed ogre
 11772 | D:10     | Killed a two-headed ogre
 11861 | D:11     | Noticed Sonja
 11877 | D:10     | Reached skill level 10 in Fighting
 11932 | D:10     | Received a gift from Okawaru
 11975 | D:11     | Killed Sonja
 12213 | D:11     | Reached XP level 12. HP: 106/116 MP: 12/12
 12653 | D:12     | Noticed a two-headed ogre
 12662 | D:12     | Killed a two-headed ogre
 12791 | D:12     | You fall into a shaft and drop 2 floors!
 12867 | D:14     | Found a shimmering blue altar of Sif Muna.
 13275 | D:13     | Noticed a centaur warrior
 13395 | D:13     | Found a frozen archway.
 13418 | D:13     | Reached ****** piety under Okawaru
 13424 | IceCv    | Entered an ice cave
 13651 | IceCv    | Received a gift from Okawaru
 13817 | IceCv    | Received a gift from Okawaru
 13823 | IceCv    | Got a jewelled falchion
 13824 | IceCv    | Identified the +3 falchion of Henoak {freeze, +Rage rN+
                  | MR++ Dex-4} (You found it in an ice cave)
 13827 | IceCv    | Got a distressingly furry plate armour
 13838 | IceCv    | Identified the +3 plate armour of a Gauntlet {rC- rN++}
                  | (You found it in an ice cave)
 13848 | IceCv    | Got a brightly glowing buckler
 13859 | IceCv    | Identified the +2 buckler of Cocytus {MR+ Dex+5} (You found
                  | it in an ice cave)
 15280 | D:13     | HP: 5/118 [something/shard of ice (27)]
 15286 | D:13     | Slain by an orc warrior

Illustrated notes

Levels and vault maps discovered:
D:1:      dpeg_arrival_lava_temple_mockup, layout_basic
D:2:      layout_basic, old_standard_altar, fiery_altar_vehumet,
          amethyst_overflow_temple_binary, first_ration,
          kennysheep_generic_room_9
D:3:      layout_loops_ring, good_gods_mini_temple,
          nicolae_dithmenos_shadow_blocks
D:4:      layout_loops_ring, fedhas_altar_2, temple_fountains
D:5:      minmay_spotlight, layout_loops_ring, lemuel_doored_altar,
          nicolae_ru_great_annihilating_truth, serial_shops, shop,
          minmay_shop_mass
D:6:      layout_rooms, uniq_edmund, uniq_grinder
D:7:      layout_loops_ring, nicolae_gozag_zags_fifth_avenue, slow_altar_2,
          minmay_checkerbox
D:8:      layout_gridville
D:9:      layout_gridville, grunt_lair_entry_orc_guard_hut
D:10:     layout_basic, zombieorc2_lemuel, minmay_misc_feat_enclosed
D:11:     layout_gridville, uniq_sonja
D:12:     layout_layer_cave
D:13:     layout_loops_corners, hangedman_vaults_entry_quadrant_bands,
          portal_ice_cave_demonic_guard, basic_altar
D:14:     layout_basic, minmay_misc_feat_iff, basic_altar
Temple:   kb_temple_of_zot

Skill      XL: |  1  2  3  4  5  6  7  8  9 10 11 12 |
---------------+-------------------------------------+-----
Armour         | 4 5 6 8 9 10 11 | 11.1
Long Blades    | 3 4 5 7 9 11 13 14 | 14.3
Shields        | 4 5 6 7 9 11 12 14 | 14.6
Fighting       | 4 5 6 7 8 10 11 | 11.4
Dodging        | 1 2 3 |  3.9
Invocations    | 1 2 |  2.5
Stealth        | |  0.7

Action                   |  1- 3 |  4- 6 |  7- 9 | 10-12 || total
-------------------------+-------+-------+-------+-------++-------
Melee: Long sword        |    69 |   165 |   412 |    79 ||   725
       Headbutt          |     9 |    23 |    86 |   360 ||   478
       Kick              |       |    48 |       |       ||    48
       Falchion          |       |       |       |  1235 ||  1235
Invok: Heroism           |       |       |     4 |    18 ||    22
  Use: Potion            |     2 |     3 |     3 |     1 ||     9
       Scroll            |       |       |       |    19 ||    19
 Stab: Paralysed         |       |       |     1 |       ||     1
  Eat: Chunk             |     2 |     7 |    14 |    20 ||    43
       Ration            |       |       |       |     2 ||     2
Armor: Scale mail        |    46 |    11 |       |       ||    57
       Chain mail        |       |    56 |   162 |       ||   218
       Plate armour      |       |       |    45 |   582 ||   627
Dodge: Dodged            |    34 |    32 |    88 |   303 ||   457
Block: Kite shield       |    45 |   100 |   227 |   838 ||  1210
       Rpst.: Long sword |     5 |    13 |    24 |     6 ||    48
       Falchion          |       |       |       |    79 ||    79
